 Dungeon Crawl Stone Soup version 0.30-a0-652-gcc886f7154 (webtiles) character file.

Game seed: 451523280160588436

61 Dittersdorf the Covered (level 4, -1/29 HPs)
             Began as a Gargoyle Fighter on Jan 17, 2023.
             Slain by Ijyb
             ... wielding a +0 club
              (3 damage)
             ... on level 2 of the Dungeon.
             The game lasted 00:01:44 (1267 turns).

Dittersdorf the Covered (Gargoyle Fighter)          Turns: 1267, Time: 00:01:45

Health: -1/29      AC: 10    Str: 22    XL:     4   Next: 7%
Magic:  4/4        EV:  9    Int:  8    God:
Gold:   87         SH:  4    Dex:  9    Spells: 3/3 levels left

rFire   . . .      SeeInvis .    a - +0 flail
rCold   . . .      Faith    .    c - +0 buckler
rNeg    + . .      Spirit   .    b - +0 scale mail
rPois   ∞          Reflect  .    (no helmet)
rElec   +          Harm     .    (no cloak)
rCorr   .          Rampage  .    (no gloves)
Will    .....                    (no boots) Stlth
                                 (no amulet)
HPRegen 0.24/turn                (no ring)
MPRegen 0.09/turn                (no ring)

@: no status effects
A: sickness immunity, AC +3, negative energy resistance 1, electricity
resistance, torment resistance 1, petrification resistance
a: no special abilities


You were on level 2 of the Dungeon.
You visited 1 branch of the dungeon, and saw 3 of its levels.

You collected 87 gold pieces.

Inventory:

Hand Weapons
 a - a +0 flail (weapon)
Armour
 b - a +0 scale mail (worn)
 c - a +0 buckler (worn)
Scrolls
 g - 2 scrolls of identify {unknown}
 i - a scroll of brand weapon {unknown}
 k - a scroll of immolation {unknown}
Potions
 d - 2 potions of might
 e - a potion of brilliance {unknown}
 f - a potion of invisibility {unknown}
 h - a potion of mutation {unknown}
 j - a potion of lignification {unknown}


   Skills:
 + Level 3.9 Fighting
 + Level 2.6 Maces & Flails
 + Level 3.9 Armour
 + Level 3.9 Shields


You had 3 spell levels left.
You didn't know any spells.
Your spell library contained the following spells:

 Spells                   Type           Power      Damage    Failure   Level
 Beastly Appendage        Tmut           0%         N/A       82%         1
 Blink                    Tloc           0%         N/A       91%         2
 Lesser Beckoning         Tloc           0%         N/A       91%         2
 Momentum Strike          Conj/Tloc      0%         3d8       91%         2
 Wereblood                Tmut           0%         N/A       91%         2
 Spider Form              Tmut/Pois      0%         N/A       99%         3


Dungeon Overview and Level Annotations

Branches:
Dungeon (3/15)

Altars:

Annotations:
D:2 Ijyb


Innate Abilities, Weirdness & Mutations

You are immune to sickness and miasma.
Your stone body is resilient. (AC +3)
You are immune to poison.
You resist negative energy. (rN+)
You are resistant to electric shocks. (rElec)
You are resistant to unholy torment.
You are immune to petrification.


Message History

Ijyb closely misses you. You block Ijyb's attack.
You sock Ijyb!
Ijyb is severely wounded.
You block Ijyb's attack.
You hit Ijyb but do no damage.
Ijyb is severely wounded.
Ijyb hits you with a +0 club.
You closely miss Ijyb.
Ijyb is severely wounded.
Ijyb zaps a wand.
The roots erupt in riotous growth!
The grasping roots grab you!
Ijyb is unaffected.
The now-empty wand crumbles to dust.
The grasping roots constrict you. Ijyb barely misses you.
The grasping roots constrict you.
You barely miss Ijyb.
Ijyb is severely wounded.
Ijyb hits you but does no damage. The grasping roots constrict you.
You barely miss Ijyb.
Ijyb is severely wounded.
Ijyb screams, "It's all mine!"
Ijyb hits you but does no damage. The grasping roots constrict you.
The grasping roots release their grip on you.
You hit Ijyb.
Ijyb is severely wounded.
Ijyb hits you with a +0 club. You block Ijyb's attack.
You barely miss Ijyb.
Ijyb is severely wounded.
Ijyb hits you with a +0 club.
* * * LOW HITPOINT WARNING * * *
You barely miss Ijyb.
Ijyb is severely wounded.
Ijyb hits you but does no damage.
You closely miss Ijyb.
Ijyb is severely wounded.
Ijyb hits you but does no damage. Ijyb hits you with a +0 club.
* * * LOW HITPOINT WARNING * * *
You hit Ijyb.
Ijyb is almost dead.
Ijyb hits you with a +0 club.
You die...

#..[.............# #.#
#........####....# #.#
####.#.#.# ####.#####.##
#.#.#.# #.........
######.#.#.#######.#..##.##
#......#..............##.#
#.###..#.#.............#.#
#.# #..#.#########.#...#.##
#.# #....g@............#...
#.# ##...#########.#.......
#.## #...# #.###.####
##..###...#########.....# ##
#####..................)....#
#.
#.....#.###...#.###########.#
#. #.#####.# #...#.# #[# #.
#.# #÷###...#.##### #.# #.
##.# #.............# #.# #.


You could see Ijyb.

Vanquished Creatures
  3 adders (D:2)
  A dart slug (D:1)
  6 endoplasms
  2 giant cockroaches
  3 goblins (D:2)
  3 hobgoblins
  A quokka (D:2)
  2 ball pythons
  3 bats
  2 frilled lizards (D:1)
  2 kobolds (D:1)
  2 rats (D:2)
30 creatures vanquished.

Vanquished Creatures (others)
  6 fungi (D:2)
  5 plants (D:2)
11 creatures vanquished.

Grand Total: 41 creatures vanquished

Notes
Turn   | Place    | Note
-------+----------+-------------------------------------------
     0 | D:1      | Dittersdorf the Gargoyle Fighter began the quest for the
                  | Orb.
     0 | D:1      | Reached XP level 1. HP: 14/14 MP: 1/1
   381 | D:1      | Reached XP level 2. HP: 16/19 MP: 2/2
   610 | D:2      | Reached XP level 3. HP: 20/23 MP: 3/3
   984 | D:2      | Reached XP level 4. HP: 29/29 MP: 4/4
   990 | D:2      | Found a faded altar of an unknown god.
  1241 | D:3      | Noticed Ijyb
  1267 | D:2      | Slain by Ijyb

Illustrated notes

Levels and vault maps discovered:
D:1:      nicolae_arrival_washed_ashore, layout_basic, dk_noncrumbling_3
D:2:      layout_loops_ring, dreamdust_ecumenical_altar_hidden_monk_grotto
D:3:      layout_loops_ring, mainiacjoe_overflow_alcove_2,
          chequers_serial_rivers_large_a, grunt_decor_resistance,
          dilly_guarded_unrand_throatcut, uniq_ijyb, uniq_robin

Action                   |  1- 3 |  4- 6 || total
-------------------------+-------+-------++-------
Melee: Flail             |    83 |    26 ||   109
Armor: Scale mail        |    44 |    11 ||    55
Dodge: Dodged            |    33 |     7 ||    40
Block: Buckler           |    25 |    10 ||    35

Table legend: (Time is in decaauts)
 A = Elapsed time spent in this place.
 B = Non-inter-level travel time spent in this place.
 C = Inter-level travel time spent in this place.
 D = Time resting spent in this place.
 E = Time spent auto-exploring this place.
 F = Levels seen in this place.
 G = Mean time per level.
                   A        B        C        D        E       F      G
               +--------+--------+--------+--------+--------+-----+--------+
         Total |   1302 |   1260 |     42 |      0 |    995 |   3 |  434.0 |
       Dungeon |   1302 |   1260 |     42 |      0 |    995 |   3 |  434.0 |
               +--------+--------+--------+--------+--------+-----+--------+

Top non-repeatable levels by time:
     D:2: 706 daAuts
     D:1: 585 daAuts
     D:3: 10 daAuts
